[Event "Titled Tuesday Blitz October 31 Early 2023"]
[White "Liyanage, Ranindu Dilshan"]
[Black "Toropov, Pavel"]
[WhiteFideId "9915834"]
[BlackFideId "24129178"]
[WhiteElo "2773"]
[BlackElo "2541"]
[Result "1-0"]
[Round "2"]
[TimeControl "180+1"]
[Date "2023.10.31"]
[WhiteClock "0:00:51"]
[BlackClock "0:00:04"]
[Board "53"]

1. e4 e6 2. d4 d5 3. Nc3 dxe4 4. Nxe4 Nd7 5. Nf3 Ngf6 6. Nxf6+ Nxf6 7. g3 b6 8. Bg2 Bb7 9. O-O Bd6 10. Qe2 O-O 11. Rd1 h6 12. c4 Qe7 13. b3 Rad8 14. Bb2 Ba3 15. Bc3 Bb4 16. Bb2 Ba3 17. Bxa3 Qxa3 18. Ne5 Bxg2 19. Kxg2 c5 20. d5 exd5 21. Nc6 Rfe8 22. Qf3 Rd6 23. cxd5 Nxd5 24. Nxa7 Qxa7 25. Rxd5 Rxd5 26. Qxd5 Qa8 27. Rd1 Qxa2 28. Qc6 Qa8 29. Rd6 Qxc6+ 30. Rxc6 Re6 31. Rc7 g6 32. h3 h5 33. Rb7 Kg7 34. Kf3 Kf6 35. h4 Kg7 36. Kf4 Kf6 37. f3 Rd6 38. Ke3 Ke6 39. g4 Kf6 40. Rc7 Ke6 41. Kf4 Kf6 42. Rb7 Rd4+ 43. Ke3 Rb4 44. Kf2 hxg4 45. fxg4 Rxb3 46. Rc7 Rb4 47. Kg3 Rb3+ 48. Kf4 Rb4+ 49. Kf3 Kg7 50. Rc6 c4 51. h5 gxh5 52. gxh5 b5 53. Kg4 Rb1 54. Kf5 Rf1+ 55. Ke4 Rf6 56. Rc5 Rb6 57. Kd4 Kh6 58. Kc3 b4+ 59. Kc2 c3 60. Kb3 Kg7 61. Rg5+ Kh6 62. Rc5 Rb8 63. Rc7 f5 64. Rc5 Kg5 65. h6 Kg6 66. h7 Rh8 67. Rc6+ Kg5 68. Rc7 Rxh7 69. Rxh7 f4 70. Rg7+ Kh4 71. Kxb4 f3 72. Kxc3 f2 73. Rf7 Kg3 74. Kd2 Kg2 75. Ke2 1-0


[Site "https://www.chess.com"]

[Event "Titled Tuesday Blitz October 31 Early 2023"]
[White "ChessRespected"]
[Black "Sokolovsky, Yahli"]
[BlackFideId "2820242"]
[WhiteElo "2539"]
[BlackElo "2770"]
[Result "0-1"]
[Round "2"]
[TimeControl "180+1"]
[Date "2023.10.31"]
[WhiteClock "0:00:00"]
[BlackClock "0:00:08"]
[Board "54"]

1. d4 d6 2. e4 g6 3. Nc3 Bg7 4. f4 Nf6 5. Nf3 O-O 6. Bd3 c5 7. d5 e6 8. dxe6 fxe6 9. O-O Nc6 10. Kh1 e5 11. Bc4+ Kh8 12. Ng5 Qe7 13. Nd5 Nxd5 14. exd5 exf4 15. Rxf4 Ne5 16. Be2 Bf5 17. Rf1 h6 18. Nf3 Rae8 19. Bb5 Bd7 20. Nxe5 Rxf1+ 21. Qxf1 dxe5 22. Bxd7 Qxd7 23. c4 Rf8 24. Qd3 Qf5 25. Qxf5 gxf5 26. Be3 b6 27. g3 Kh7 28. Rd1 f4 29. gxf4 exf4 30. Bf2 Bxb2 31. d6 Bf6 32. d7 Rd8 33. Kg2 Kg6 34. Kf3 Kf5 35. Rd5+ Ke6 36. Rh5 Bg7 37. Kxf4 Rxd7 38. Ke4 Rd2 39. Be3 Re2 40. Kf3 Rxa2 41. Bxh6 Bxh6 42. Rxh6+ Kf5 43. Rh5+ Kg6 44. Rd5 Rxh2 45. Rd6+ Kf5 46. Rd7 Rh3+ 47. Ke2 Ra3 48. Kd2 Ke6 49. Rd8 Rg3 0-1


[Site "https://www.chess.com"]

[Event "Titled Tuesday Blitz October 31 Early 2023"]
[White "El_Matador12"]
[Black "Korchmar, Vasiliy"]
[BlackFideId "24131750"]
[WhiteElo "2535"]
[BlackElo "2765"]
[Result "0-1"]
[Round "2"]
[TimeControl "180+1"]
[Date "2023.10.31"]
[WhiteClock "0:00:00"]
[BlackClock "0:00:54"]
[Board "55"]

1. d4 Nf6 2. Bg5 d5 3. Bxf6 gxf6 4. c4 e5 5. Nc3 dxc4 6. d5 c6 7. e4 cxd5 8. Qxd5 Be6 9. Qb5+ Nd7 10. O-O-O Qc7 11. Nd5 Bxd5 12. Rxd5 c3 13. Bc4 a6 14. Qb3 cxb2+ 15. Kxb2 b5 16. Bd3 Nc5 17. Qd1 Na4+ 0-1


[Site "https://www.chess.com"]

[Event "Titled Tuesday Blitz October 31 Early 2023"]
[White "Costachi, Mihnea"]
[Black "Skatchkov, Valery"]
[WhiteFideId "1217518"]
[BlackFideId "24195812"]
[WhiteElo "2765"]
[BlackElo "2532"]
[Result "0-1"]
[Round "2"]
[TimeControl "180+1"]
[Date "2023.10.31"]
[WhiteClock "0:00:42"]
[BlackClock "0:00:46"]
[Board "56"]

1. Nc3 e5 2. e4 Nf6 3. Bc4 Nxe4 4. Qh5 Nd6 5. Bb3 Be7 6. Qxe5 O-O 7. Nge2 Re8 8. O-O Nc6 9. Qd5 Bf6 10. d3 Nb4 11. Qf3 c6 12. a3 Na6 13. Bf4 Be5 14. Bxe5 Rxe5 15. Qg3 Qf6 16. Rae1 Nf5 17. Qf4 d6 18. Ne4 Qe7 19. N2g3 Nc5 20. Ba2 Nxe4 21. Rxe4 Nxg3 22. Rxe5 dxe5 23. Qxg3 Bf5 24. Re1 Re8 25. Qe3 b6 26. f4 e4 27. dxe4 Qxe4 28. Qxe4 Rxe4 29. Rxe4 Bxe4 30. c3 Kf8 31. g3 Ke7 32. Kf2 f6 33. Ke3 Bf5 34. b4 Kd6 35. Bf7 Bg4 36. Kd4 a5 37. bxa5 bxa5 38. Kc4 Be2+ 39. Kd4 h6 40. Bc4 c5+ 41. Ke4 Bxc4 42. Kf5 Bd3+ 43. Kg4 Kd5 0-1


[Site "https://www.chess.com"]

[Event "Titled Tuesday Blitz October 31 Early 2023"]
[White "Yaksin, Oleg"]
[Black "Taher, Yoseph Theolifus"]
[WhiteFideId "24105880"]
[BlackFideId "7105347"]
[WhiteElo "2531"]
[BlackElo "2760"]
[Result "0-1"]
[Round "2"]
[TimeControl "180+1"]
[Date "2023.10.31"]
[WhiteClock "0:00:00"]
[BlackClock "0:00:56"]
[Board "57"]

1. d4 Nf6 2. c4 c5 3. d5 b5 4. cxb5 a6 5. bxa6 Bxa6 6. Nc3 g6 7. g3 Bg7 8. Bg2 d6 9. Nf3 O-O 10. O-O Nbd7 11. h3 Qb6 12. Re1 Rfb8 13. Rb1 Ng4 14. hxg4 Bxc3 15. Bd2 Bf6 16. b3 Bb7 17. g5 Bg7 18. Be3 Bc3 19. Bd2 Bg7 20. Be3 Qb4 21. a4 Nb6 22. Bd2 Qa3 23. e4 Ba6 24. Bf1 Bxf1 25. Rxf1 c4 26. a5 cxb3 27. axb6 Rxb6 28. Be3 Rb4 29. Bd4 b2 30. Bxg7 Kxg7 31. Nd4 Qc3 32. Nc6 Rxe4 33. Kg2 Rea4 34. Qf3 Qc2 35. Qe3 Qc4 36. Qf3 Ra1 37. Nxe7 f5 38. gxf6+ Kf7 39. Rfe1 Qc2 40. Rxb2 Qxb2 41. Rxa1 Rxa1 42. Qe4 Qe5 43. Qxe5 dxe5 44. Nc6 Kxf6 45. Kf3 Ra2 46. Ke3 h5 47. f3 Ra1 48. d6 Rd1 0-1


[Site "https://www.chess.com"]

[Event "Titled Tuesday Blitz October 31 Early 2023"]
[White "Fecker, Noah"]
[Black "Shubenkova, Veronika"]
[WhiteFideId "1334263"]
[BlackFideId "44124040"]
[WhiteElo "2755"]
[BlackElo "2530"]
[Result "1-0"]
[Round "2"]
[TimeControl "180+1"]
[Date "2023.10.31"]
[WhiteClock "0:01:21"]
[BlackClock "0:00:12"]
[Board "58"]

1. e4 c6 2. Nf3 d5 3. d3 g6 4. e5 Bg7 5. d4 e6 6. h4 h5 7. Bg5 Qb6 8. b3 Nh6 9. Bd3 Ng4 10. O-O Nd7 11. c4 O-O 12. Nc3 a5 13. Qd2 Qa7 14. Rac1 Re8 15. Ne2 Nf8 16. Ne1 Bd7 17. c5 Kh7 18. Nf4 Kg8 19. f3 Nh6 20. Nxh5 gxh5 21. Bxh6 Ng6 22. Qg5 Kh7 23. Bxg7 Kxg7 24. Qxh5 Rh8 25. Qg5 Rxh4 26. Bxg6 Rah8 27. Qf6+ Kh6 28. Bxf7+ 1-0


[Site "https://www.chess.com"]

[Event "Titled Tuesday Blitz October 31 Early 2023"]
[White "Srihari L R"]
[Black "sjoerd893"]
[WhiteFideId "46617116"]
[WhiteElo "2742"]
[BlackElo "2530"]
[Result "1-0"]
[Round "2"]
[TimeControl "180+1"]
[Date "2023.10.31"]
[WhiteClock "0:01:42"]
[BlackClock "0:00:00"]
[Board "59"]

1. c4 e5 2. Nc3 Nf6 3. Nf3 Nc6 4. d3 d5 5. cxd5 Nxd5 6. e3 Be6 7. Be2 Be7 8. O-O O-O 9. a3 Qd7 10. Bd2 Rfd8 11. Qc2 a6 12. Ne4 f6 13. Nc5 Bxc5 14. Qxc5 Nce7 15. Rac1 b6 16. Qc2 c5 17. b4 cxb4 18. axb4 a5 19. bxa5 bxa5 20. d4 exd4 21. Nxd4 Bf7 22. Bb5 Qb7 23. Rb1 Qa7 24. Ra1 Qb6 25. Rfb1 Nb4 26. Bxb4 axb4 27. Rxa8 Rxa8 28. Rxb4 Ra2 29. Qxa2 Bxa2 30. Bc4+ Bxc4 31. Rxb6 Kf7 32. g4 h6 33. Rb7 Bd5 34. Ra7 Kf8 35. h3 Nc6 36. Nxc6 Bxc6 37. Kh2 Be4 38. Kg3 Kg8 39. Kf4 Bg2 40. h4 Bd5 41. g5 Be6 42. gxf6 gxf6 43. Ke4 Kf8 44. Kd4 Kg8 45. e4 Bf7 46. f4 Kg7 47. e5 fxe5+ 48. fxe5 Kg6 49. Kc5 Be6 50. Kd6 Bf5 51. e6 Kh5 52. e7 Bg6 53. Ra8 Kxh4 54. Rg8 Bf7 55. Rf8 Bg6 56. Rf6 Kg5 57. Rxg6+ 1-0


[Site "https://www.chess.com"]

[Event "Titled Tuesday Blitz October 31 Early 2023"]
[White "Mndapoetzz04"]
[Black "Bazilius, Augustinas"]
[BlackFideId "12832251"]
[WhiteElo "2741"]
[BlackElo "2528"]
[Result "0-1"]
[Round "2"]
[TimeControl "180+1"]
[Date "2023.10.31"]
[WhiteClock "0:00:38"]
[BlackClock "0:00:14"]
[Board "60"]

1. d4 Nf6 2. Nf3 g6 3. Bf4 d6 4. e3 Bg7 5. h3 O-O 6. Be2 Nbd7 7. O-O Qe8 8. Bh2 e5 9. c4 c6 10. Nc3 e4 11. Nd2 Qe7 12. Rc1 d5 13. cxd5 cxd5 14. Nb5 Ne8 15. Qa4 Nb6 16. Qa5 Bd7 17. Nb3 Bxb5 18. Bxb5 Nd6 19. Qb4 Rfd8 20. Rc2 Bf8 21. Na5 Nxb5 22. Qxb5 Rac8 23. Rfc1 Rxc2 24. Rxc2 Qd7 25. Qxd7 Rxd7 26. a3 f6 27. Kf1 Kf7 28. Bc7 Na8 29. Bb8 a6 30. Ke2 Nb6 31. Bc7 Na8 32. Bg3 Nb6 33. Rc7 Rxc7 34. Bxc7 Nc4 35. Nxb7 Nxb2 36. a4 Nxa4 37. Ba5 Ke6 38. Kd2 Nb2 39. Kc2 Nc4 40. Bc7 Kd7 41. Bg3 Kc6 42. Nd8+ Kd7 43. Nb7 Be7 44. f3 exf3 45. gxf3 Kc6 46. Nc5 Bxc5 47. dxc5 Nxe3+ 48. Kd3 Nf5 49. Bf2 a5 50. Kc3 d4+ 51. Kc4 a4 52. Kb4 a3 53. Kxa3 Kxc5 54. Kb3 Kd5 55. Be1 Ng7 56. Bd2 Ne6 57. Kc2 Ke5 58. Kd3 Nf4+ 59. Kc4 Nxh3 60. Be1 Nf4 61. Bg3 h5 0-1


[Site "https://www.chess.com"]

[Event "Titled Tuesday Blitz October 31 Early 2023"]
[White "Zhao, Erick"]
[Black "Arutla, Aditya"]
[WhiteFideId "30946930"]
[BlackFideId "30961998"]
[WhiteElo "2740"]
[BlackElo "2505"]
[Result "1-0"]
[Round "2"]
[TimeControl "180+1"]
[Date "2023.10.31"]
[WhiteClock "0:00:35"]
[BlackClock "0:00:00"]
[Board "61"]

1. e4 c5 2. Nf3 Nc6 3. Bb5 g6 4. O-O Bg7 5. c3 Nf6 6. d4 Nxe4 7. d5 Nd6 8. Bd3 Ne5 9. Nxe5 Bxe5 10. Re1 Bg7 11. Bf4 O-O 12. Bxd6 exd6 13. Na3 a6 14. Nc4 Qc7 15. a4 b6 16. Qb3 Rb8 17. Qc2 b5 18. axb5 axb5 19. Nd2 c4 20. Be4 Bb7 21. Bf3 Rbe8 22. g3 f5 23. h4 Qc5 24. Nf1 Bxd5 25. Bxd5+ Qxd5 26. Rad1 Qf3 27. Qd2 Rxe1 28. Rxe1 Be5 29. Re3 Qc6 30. f4 Bf6 31. Nh2 Qc5 32. Kg2 Rb8 33. Nf3 b4 34. cxb4 Qxb4 35. Qd5+ Kg7 36. Ng5 Rf8 37. Re2 Qc5 38. Qd1 Qc6+ 39. Kh2 d5 40. Qe1 Qd6 41. Qc1 Rc8 42. h5 d4 43. h6+ Kg8 44. Qe1 Qf8 45. Qh1 d3 46. Qd5+ Kh8 47. Nf7+ Kg8 48. Nd6+ Kh8 49. Re1 d2 50. Rd1 1-0


[Site "https://www.chess.com"]

[Event "Titled Tuesday Blitz October 31 Early 2023"]
[White "Iljin, Timofey"]
[Black "Gubajdullin, Alexei"]
[WhiteFideId "14110180"]
[BlackFideId "4141202"]
[WhiteElo "2504"]
[BlackElo "2736"]
[Result "0-1"]
[Round "2"]
[TimeControl "180+1"]
[Date "2023.10.31"]
[WhiteClock "0:00:08"]
[BlackClock "0:00:34"]
[Board "62"]

1. e4 g6 2. f4 Bg7 3. Nf3 c5 4. g3 Nc6 5. Bg2 d6 6. O-O Nf6 7. d3 O-O 8. Nc3 Bg4 9. h3 Bxf3 10. Bxf3 Rb8 11. a4 a6 12. Bg2 Nd7 13. g4 b5 14. axb5 axb5 15. f5 b4 16. Nd5 e6 17. Ne3 Nd4 18. Nc4 Ne5 19. Bf4 Nxc4 20. dxc4 Rb6 21. c3 bxc3 22. bxc3 Nb3 23. Ra3 Qb8 24. Qc2 Rd8 25. g5 Be5 26. Be3 Rd7 27. h4 Ra7 28. Rxa7 Qxa7 29. fxe6 fxe6 30. h5 Na5 31. hxg6 hxg6 32. Ra1 Ra6 33. Bh3 Kg7 34. Bxe6 Nxc4 35. Rxa6 Qxa6 36. Qf2 Qa1+ 37. Kg2 Nxe3+ 38. Qxe3 Qb1 39. Qf3 Qc2+ 40. Kf1 Qc1+ 41. Kg2 Qxg5+ 42. Kf1 Bf6 43. Qd3 Qe5 44. Qd5 Qxd5 45. Bxd5 Bxc3 46. Kg2 Kf6 47. Kf3 Ke5 48. Bf7 g5 49. Kg3 Bd2 50. Bd5 Kd4 51. Kf3 c4 52. Ke2 Bf4 53. Kd1 g4 54. Ke2 c3 55. Bb3 g3 56. Kf3 Be5 57. Bc2 Kc4 58. Kg2 Kb4 59. Kf3 Ka3 60. Bd3 Kb2 61. Ke2 c2 62. Bxc2 Kxc2 63. Kf3 Kd3 64. Kg2 Kxe4 65. Kh1 Kf3 66. Kg1 Bd4+ 67. Kf1 g2+ 68. Ke1 g1=Q+ 69. Kd2 Qe3+ 70. Kc2 Qc3+ 71. Kb1 Qb2# 0-1


[Site "https://www.chess.com"]

[Event "Titled Tuesday Blitz October 31 Early 2023"]
[White "Krzyzanowski, Marcin"]
[Black "Pinero Rodriguez, Carlos Jose"]
[WhiteFideId "1132199"]
[BlackFideId "3901726"]
[WhiteElo "2735"]
[BlackElo "2504"]
[Result "1-0"]
[Round "2"]
[TimeControl "180+1"]
[Date "2023.10.31"]
[WhiteClock "0:01:19"]
[BlackClock "0:01:12"]
[Board "63"]

1. e4 c5 2. Nf3 e6 3. d4 cxd4 4. Nxd4 a6 5. a3 Qc7 6. Nc3 Nf6 7. Bd3 b5 8. O-O Bb7 9. Re1 d6 10. Bg5 Nbd7 11. a4 b4 12. Nd5 exd5 13. exd5+ Ne5 14. f4 Qc5 15. fxe5 Qxd4+ 16. Kh1 Qxd5 17. exf6+ Kd7 18. Qg4+ Kc7 19. Be4 h5 20. Bxd5 hxg4 21. fxg7 1-0


[Site "https://www.chess.com"]

[Event "Titled Tuesday Blitz October 31 Early 2023"]
[White "Kislinsky, Alexey"]
[Black "Willy, Stephen"]
[WhiteFideId "14108801"]
[BlackFideId "30981468"]
[WhiteElo "2731"]
[BlackElo "2489"]
[Result "0-1"]
[Round "2"]
[TimeControl "180+1"]
[Date "2023.10.31"]
[WhiteClock "0:00:53"]
[BlackClock "0:00:41"]
[Board "64"]

1. e4 d5 2. exd5 Nf6 3. d4 Bg4 4. f3 Bf5 5. c4 e6 6. Nc3 Be7 7. g4 Bg6 8. dxe6 Nc6 9. Be3 fxe6 10. Nh3 Nb4 11. Rc1 c5 12. Qa4+ Nc6 13. dxc5 O-O 14. Nf4 Nxg4 15. fxg4 Bh4+ 16. Ke2 Nd4+ 0-1


[Site "https://www.chess.com"]

[Event "Titled Tuesday Blitz October 31 Early 2023"]
[White "Rosenberg, Evan S"]
[Black "Danielyan, Vahe"]
[WhiteFideId "2019299"]
[BlackFideId "13304828"]
[WhiteElo "2470"]
[BlackElo "2731"]
[Result "1/2-1/2"]
[Round "2"]
[TimeControl "180+1"]
[Date "2023.10.31"]
[WhiteClock "0:00:29"]
[BlackClock "0:00:04"]
[Board "65"]

1. d4 Nf6 2. Nf3 e6 3. g3 d5 4. Bg2 c5 5. O-O cxd4 6. Nxd4 e5 7. Nb3 Nc6 8. Bg5 Be6 9. Nc3 d4 10. Ne4 Be7 11. Bxf6 gxf6 12. c3 f5 13. Nec5 dxc3 14. bxc3 Qb6 15. Nxe6 fxe6 16. e3 h5 17. Rb1 Qc7 18. h4 Kf7 19. Bf3 Rag8 20. Bxh5+ Kf8 21. Kh1 Rg7 22. e4 f4 23. g4 Bxh4 24. Nc5 Qe7 25. Rxb7 Qxc5 26. Rxg7 Kxg7 27. Qd7+ Ne7 28. Qxe6 Rf8 29. g5 f3 30. Qh6+ Kg8 31. Qe6+ Kg7 32. Qh6+ Kg8 33. Qe6+ Kg7 1/2-1/2


[Site "https://www.chess.com"]

[Event "Titled Tuesday Blitz October 31 Early 2023"]
[White "Fier, Alexandr"]
[Black "Maris, Ivo"]
[WhiteFideId "2107139"]
[BlackFideId "1028146"]
[WhiteElo "2729"]
[BlackElo "2469"]
[Result "1-0"]
[Round "2"]
[TimeControl "180+1"]
[Date "2023.10.31"]
[WhiteClock "0:01:32"]
[BlackClock "0:01:27"]
[Board "67"]

1. e4 g6 2. d4 Bg7 3. h4 h6 4. h5 g5 5. f4 gxf4 6. Bxf4 d6 7. Nf3 a6 8. c3 Nd7 9. Bc4 e6 10. O-O Ngf6 11. e5 Nxh5 12. Bh2 dxe5 13. Nxe5 Nxe5 14. Qxh5 Ng6 15. Nd2 Qg5 16. Qxg5 hxg5 17. Bxc7 b5 18. Bd3 Bb7 19. Bxg6 fxg6 20. Rae1 Ke7 21. Be5 Bxe5 22. Rxe5 Rh5 23. Rfe1 Rah8 24. Rxe6+ Kd8 25. Rxg6 a5 26. Re5 b4 27. Rexg5 Rh1+ 28. Kf2 Rf8+ 29. Kg3 Ra1 30. Rxa5 Rc1 31. cxb4 Re1 32. Nf3 Re2 33. d5 Rxb2 34. a3 Re2 35. Nd4 Re3+ 36. Kh2 Rh8+ 37. Kg1 Rd3 38. Ne6+ Kc8 39. Nf4 Rd1+ 40. Kf2 Rf8 41. g3 Bxd5 42. Rd6 Rd2+ 43. Ke3 1-0


[Site "https://www.chess.com"]

[Event "Titled Tuesday Blitz October 31 Early 2023"]
[White "Leyva Rivera, Yunier"]
[Black "NovozhilovSemen"]
[WhiteFideId "3505065"]
[WhiteElo "2438"]
[BlackElo "2729"]
[Result "0-1"]
[Round "2"]
[TimeControl "180+1"]
[Date "2023.10.31"]
[WhiteClock "0:00:15"]
[BlackClock "0:00:37"]
[Board "68"]

1. d4 Nf6 2. c4 e6 3. Nf3 c5 4. e3 cxd4 5. exd4 d5 6. Nc3 Nc6 7. a3 Bd6 8. Bg5 dxc4 9. Bxc4 O-O 10. O-O b6 11. Ba2 Bb7 12. d5 exd5 13. Nxd5 Ne5 14. Bxf6 gxf6 15. Nh4 Ng6 16. Nf5 Be5 17. Qd3 Kh8 18. Rad1 Qd7 19. Qh3 Qc6 20. Rd3 Qb5 21. Qh6 Rg8 22. Rh3 Nf8 23. Nxf6 Rxg2+ 24. Kh1 Qxf1# 0-1


[Site "https://www.chess.com"]

[Event "Titled Tuesday Blitz October 31 Early 2023"]
[White "Santos Flores, Alberto"]
[Black "BardArtem"]
[WhiteFideId "3601234"]
[WhiteElo "2429"]
[BlackElo "2726"]
[Result "1-0"]
[Round "2"]
[TimeControl "180+1"]
[Date "2023.10.31"]
[WhiteClock "0:00:36"]
[BlackClock "0:00:00"]
[Board "69"]

1. e4 e5 2. Nf3 Nc6 3. Bc4 Bc5 4. O-O Nf6 5. d4 Nxd4 6. Nxe5 O-O 7. Be3 Ne6 8. Bxe6 fxe6 9. Bxc5 d6 10. Ba3 dxe5 11. Bxf8 Qxf8 12. Nc3 Bd7 13. Qe2 a6 14. Rad1 Bc6 15. Rd2 g6 16. Rfd1 Nh5 17. g3 b5 18. a3 Nf6 19. Rd3 a5 20. Rf3 b4 21. axb4 axb4 22. Nb1 Qe7 23. Nd2 Kg7 24. Qc4 Bb7 25. Qb5 c5 26. Re3 Rd8 27. Rd3 Ra8 28. f3 c4 29. Nxc4 Ba6 30. Qc6 Ra7 31. b3 Bxc4 32. bxc4 Rc7 33. Qb5 Rb7 34. Qa5 Ra7 35. Qd8 Qc5+ 36. Kg2 Qxc4 37. R1d2 Rc7 38. Qd6 Rf7 39. Qxe5 Qc6 40. Rd6 Qc4 41. Rxe6 Qc3 42. Qxc3 bxc3 43. Rdd6 Nh5 44. Rc6 1-0


[Site "https://www.chess.com"]

[Event "Titled Tuesday Blitz October 31 Early 2023"]
[White "Csonka, Balazs"]
[Black "McBryde, Lamel"]
[WhiteFideId "742910"]
[BlackFideId "2058596"]
[WhiteElo "2726"]
[BlackElo "2423"]
[Result "1-0"]
[Round "2"]
[TimeControl "180+1"]
[Date "2023.10.31"]
[WhiteClock "0:00:09"]
[BlackClock "0:00:17"]
[Board "70"]

1. d4 Nf6 2. c4 e6 3. Nf3 b6 4. a3 Bb7 5. Nc3 c5 6. d5 exd5 7. cxd5 d6 8. e4 Nbd7 9. Bd3 a6 10. a4 Be7 11. O-O O-O 12. h3 Qc7 13. Nd2 Ne5 14. Be2 Ng6 15. f4 Rfe8 16. Nc4 Bf8 17. Bd3 Rab8 18. e5 dxe5 19. Bxg6 hxg6 20. fxe5 b5 21. axb5 axb5 22. exf6 bxc4 23. Bf4 Bd6 24. Nb5 Bxf4 25. Nxc7 Bxc7 26. d6 Bb6 27. d7 Red8 28. Qd6 Be4 29. fxg7 Bd3 30. Rfe1 c3 31. bxc3 c4+ 32. Kh1 Bf2 33. Qxb8 Rxb8 34. Re8+ Kxg7 35. Rxb8 1-0


[Site "https://www.chess.com"]

[Event "Titled Tuesday Blitz October 31 Early 2023"]
[White "Bochnicka, Vladimir"]
[Black "Karthik Rajaa"]
[WhiteFideId "14943450"]
[BlackFideId "25035215"]
[WhiteElo "2420"]
[BlackElo "2725"]
[Result "0-1"]
[Round "2"]
[TimeControl "180+1"]
[Date "2023.10.31"]
[WhiteClock "0:00:10"]
[BlackClock "0:00:24"]
[Board "71"]

1. e4 c6 2. d4 d5 3. e5 Bf5 4. h4 h5 5. c4 e6 6. Nc3 dxc4 7. Bxc4 Nd7 8. Nge2 Be7 9. Ng3 Bg6 10. Nce4 Nh6 11. Bxh6 Rxh6 12. Qd2 Qb6 13. O-O Rd8 14. Qf4 Qc7 15. Rac1 Nb6 16. Bb3 Rxd4 17. Nf6+ Bxf6 18. Qxd4 Bxe5 19. Qb4 Bxg3 20. fxg3 Qxg3 21. Bxe6 fxe6 22. Qf8+ Kd7 23. Rcd1+ Nd5 24. Qxg7+ Kd6 25. Qxh6 Be4 26. Qf4+ Qxf4 27. Rxf4 Bf5 28. Ra4 a6 29. Kf2 Bc2 30. Rxd5+ cxd5 31. Rf4 e5 32. Rf6+ Kc5 33. Ke3 d4+ 34. Kd2 Be4 35. g3 a5 36. Re6 Kd5 37. Rb6 Kc5 38. Rh6 Bf3 39. Re6 e4 40. Re5+ Kb4 41. Rd5 e3+ 0-1


[Site "https://www.chess.com"]

[Event "Titled Tuesday Blitz October 31 Early 2023"]
[White "Kosteniuk, Alexandra"]
[Black "Spichkin, Alexander"]
[WhiteFideId "4128125"]
[BlackFideId "4144074"]
[WhiteElo "2723"]
[BlackElo "2417"]
[Result "1-0"]
[Round "2"]
[TimeControl "180+1"]
[Date "2023.10.31"]
[WhiteClock "0:01:19"]
[BlackClock "0:00:06"]
[Board "72"]

1. Nf3 e6 2. g3 f5 3. d4 Nf6 4. Bg2 d6 5. c4 Be7 6. O-O O-O 7. b3 a5 8. Bb2 Ne4 9. Nbd2 Nxd2 10. Qxd2 Qe8 11. c5 Qh5 12. cxd6 cxd6 13. Rac1 g5 14. Rc7 Nd7 15. Qe3 Qg6 16. Qc3 g4 17. Nd2 Bg5 18. Ba3 e5 19. Nc4 Bd8 20. Bxb7 Bxc7 21. Bxa8 e4 22. Bd5+ Kg7 23. Ne5 dxe5 24. Bxf8+ Kxf8 25. Qxc7 Qe8 26. Rc1 Ba6 27. Qd6+ Qe7 28. Qxa6 exd4 29. Qa8+ Kg7 30. Qg8+ Kh6 31. Rc6+ Nf6 32. Re6 Qxe6 33. Qxe6 Kg5 34. Bc4 1-0


[Site "https://www.chess.com"]

[Event "Titled Tuesday Blitz October 31 Early 2023"]
[White "La Villa Rivas, Marlon Javier"]
[Black "carokannlover213"]
[WhiteFideId "3519546"]
[WhiteElo "2392"]
[BlackElo "2723"]
[Result "0-1"]
[Round "2"]
[TimeControl "180+1"]
[Date "2023.10.31"]
[WhiteClock "0:01:39"]
[BlackClock "0:01:40"]
[Board "73"]

1. e4 e5 2. Nf3 Nf6 3. Nxe5 Nxe4 4. Qe2 Qe7 5. Qxe4 d6 6. d4 dxe5 7. dxe5 Nc6 8. Bb5 Bd7 9. O-O O-O-O 10. Bf4 g5 11. Bg3 f5 12. Qa4 f4 13. Bxc6 Bxc6 14. Qxa7 b6 15. Nc3 fxg3 16. hxg3 Qxe5 17. Rfd1 Bd6 18. a4 Qa5 19. Qxa5 bxa5 20. Nb5 Bxb5 21. axb5 Bc5 22. Re1 Rd2 0-1


[Site "https://www.chess.com"]

[Event "Titled Tuesday Blitz October 31 Early 2023"]
[White "Marcziter, Dmitrii"]
[Black "Hua, Lefong"]
[WhiteFideId "13900765"]
[BlackFideId "2602253"]
[WhiteElo "2388"]
[BlackElo "2719"]
[Result "0-1"]
[Round "2"]
[TimeControl "180+1"]
[Date "2023.10.31"]
[WhiteClock "0:00:27"]
[BlackClock "0:00:56"]
[Board "74"]

1. d4 Nf6 2. c4 c5 3. d5 e6 4. Nc3 exd5 5. cxd5 d6 6. Nf3 g6 7. Nd2 Nbd7 8. Nc4 Nb6 9. e4 Nxc4 10. Bxc4 Bg7 11. Bb5+ Bd7 12. Bxd7+ Qxd7 13. a4 O-O 14. O-O Rfe8 15. Re1 b6 16. h3 a6 17. Qd3 Qc7 18. Bf4 Nd7 19. Rab1 Ne5 20. Qc2 c4 21. Bg3 Nd3 22. Red1 Qc5 23. Ne2 Rxe4 24. Nf4 Rxf4 25. Rxd3 cxd3 26. Qxc5 dxc5 27. Bxf4 Rd8 28. d6 Bf8 29. Rd1 c4 30. b3 b5 31. axb5 axb5 32. bxc4 bxc4 33. Rc1 Bxd6 34. Bd2 Rc8 35. Bc3 Bf4 36. Ra1 Rd8 37. g3 Bh6 38. Bf6 Rc8 39. Bc3 Bg7 40. Rc1 Bxc3 41. Rxc3 d2 0-1


[Site "https://www.chess.com"]

[Event "Titled Tuesday Blitz October 31 Early 2023"]
[White "Della Corte, Alessandro"]
[Black "Jakubowski, Krzysztof"]
[WhiteFideId "813540"]
[BlackFideId "1112848"]
[WhiteElo "2372"]
[BlackElo "2712"]
[Result "1-0"]
[Round "2"]
[TimeControl "180+1"]
[Date "2023.10.31"]
[WhiteClock "0:01:16"]
[BlackClock "0:01:51"]
[Board "75"]

1. d4 Nf6 2. c4 e6 3. Nf3 b6 4. a3 Bb7 5. Nc3 d5 6. Bg5 Be7 7. e3 O-O 8. Rc1 Nbd7 9. cxd5 exd5 10. Be2 c5 11. dxc5 bxc5 12. O-O Re8 13. Qa4 Qb6 14. Bb5 Red8 15. Bxd7 Rxd7 16. Bxf6 Bc6 17. Qc2 Bxf6 18. Na4 Bxa4 19. Qxa4 Rc7 20. Rc2 c4 21. Rd1 Rd8 22. Rxd5 Rcc8 23. Rxd8+ Rxd8 24. Rxc4 Qxb2 25. g3 Qb7 26. Qc6 Qb1+ 27. Kg2 g6 28. Qxf6 1-0


[Site "https://www.chess.com"]

[Event "Titled Tuesday Blitz October 31 Early 2023"]
[White "NLLO777"]
[Black "Dmitrenko, Viktor"]
[BlackFideId "14110270"]
[WhiteElo "2711"]
[BlackElo "2366"]
[Result "1-0"]
[Round "2"]
[TimeControl "180+1"]
[Date "2023.10.31"]
[WhiteClock "0:01:01"]
[BlackClock "0:00:00"]
[Board "76"]

1. Nf3 c5 2. g3 Nc6 3. c4 g6 4. Bg2 e5 5. d3 Bg7 6. Nc3 Nge7 7. Nd2 O-O 8. Nf1 d6 9. Ne3 Be6 10. O-O Qd7 11. Re1 Bh3 12. Bh1 f5 13. Ned5 f4 14. a3 h5 15. b4 h4 16. b5 fxg3 17. hxg3 hxg3 18. f3 Nd4 19. Bg5 Nxd5 20. Nxd5 Rae8 21. e3 Ne6 22. Bh4 e4 23. dxe4 Be5 24. f4 Bxa1 25. Qxa1 g5 26. Bxg3 gxf4 27. exf4 Rf7 28. Nf6+ Rxf6 29. Qxf6 Rf8 30. Qg6+ Ng7 31. f5 Rf7 32. Kh2 b6 33. Kxh3 Kf8 34. Qxd6+ Qxd6 35. Bxd6+ 1-0


[Site "https://www.chess.com"]

[Event "Titled Tuesday Blitz October 31 Early 2023"]
[White "Ovezdurdyyeva, Jemal"]
[Black "Atakhan, Abtin"]
[WhiteFideId "14001888"]
[BlackFideId "22502203"]
[WhiteElo "2363"]
[BlackElo "2709"]
[Result "0-1"]
[Round "2"]
[TimeControl "180+1"]
[Date "2023.10.31"]
[WhiteClock "0:01:20"]
[BlackClock "0:01:23"]
[Board "77"]

1. e4 c6 2. d4 d5 3. Nd2 dxe4 4. Nxe4 Bf5 5. Ng3 Bg6 6. Nf3 Nd7 7. Bd3 Bxd3 8. Qxd3 e6 9. O-O Ngf6 10. c4 Be7 11. Bf4 O-O 12. Rad1 a5 13. Ne5 a4 14. a3 Qa5 15. Nxd7 Nxd7 16. d5 Nc5 17. Qc2 cxd5 18. cxd5 exd5 19. Rxd5 Rac8 20. Qf5 Qa6 21. Re1 Ne6 22. Bd2 Bf6 23. Ra5 Qc4 24. Bb4 Rfe8 25. Rxa4 Nd4 26. Rxe8+ Rxe8 27. h3 Nxf5 0-1


[Site "https://www.chess.com"]